Map: Void Launch

Players

monk

  • Race: Zerg Zerg

sTkmonk

  • Race: Terran Terran
  • Spawn Location: 6:00

VOD

Have the link to the VOD?

Description

Time

  • Played on: July 23, 2017, 9:40 a.m.
  • Length: 24:43
Show
View Real Time Build Order
Export as new Build Order

monk Zerg 

Build Orders:  

Get SALT Encoding   

  12  0:03  Infested SCV  
  13  0:15  Infested SCV  
  13  0:18  Infested SCV  
  15  1:04  Infested Command Center  
  15  1:13  Overlord  
  15  1:38  Infested SCV  
  15  1:39  Infested SCV x3  
  19  1:41  Infested SCV  
  20  1:51  Infested Refinery  
  20  1:55  Infested SCV  
  21  2:02  Infested Colonist Compound  
  21  2:09  Infested Refinery  
  21  2:11  Infested SCV  
  22  2:27  Infested SCV  
  23  2:47  Infested SCV x2  
  23  2:48  Infested SCV x2  
  27  2:51  Infested Barracks  
  27  3:04  Anaerobic Enhancement  
  27  3:08  Infested SCV x2  
  29  3:16  Infested SCV  
  29  3:19  Infested SCV  
  31  3:39  Infested SCV  
  32  3:40  Infested SCV  
  33  3:56  Infested Command Center  
  33  4:04  Infestation Level 1  
  33  4:08  Overlord  
  33  4:16  Infested SCV x2  
  33  4:19  Infested SCV  
  36  4:20  Infested SCV  
  37  4:33  Infested Engineering Bay  
  37  4:34  Infested SCV  
  37  4:37  Infested SCV  
  39  4:54  Infested Bunker  
  39  4:58  Overlord  
  43  5:00  Infested SCV  
  43  5:03  Infested SCV  
  43  5:08  Infested SCV  
  46  5:12  Stukov Infantry Weapons Level 1  
  46  5:24  Infested Factory  
  46  5:36  Infested Barracks Tech Lab  
  46  5:38  Infested SCV  
  46  5:39  Infested SCV  
  48  5:41  Overlord  
  44  6:20  Infested SCV x2  
  44  6:24  Infested Engineering Bay  
  44  6:26  Broodling Gestation  
  50  6:43  Infested Bunker  
  50  6:44  Infested Bunker  
  54  6:50  Infested SCV  
  54  6:51  Infested Armory, Infested SCV  
  54  6:52  Plagued Munitions  
  56  7:16  Overlord x2  
  56  7:17  Regenerative Plating  
  60  7:31  Infested Bunker  
  64  7:52  Infested Bunker  
  64  7:54  Stukov Infantry Weapons Level 2  
  64  7:57  Infestation Level 2  
  64  8:17  Aggressive Incubation  
  64  8:32  Infested Bunker  
  64  8:37  Infested Bunker  
  72  8:44  Calcified Armor  
  72  9:04  Infested Bunker  
  76  9:11  Retinal Augmentation  
  76  9:14  Overlord  
  76  9:15  Overlord  
  76  9:32  Infested Bunker  
  76  9:33  Infested Bunker  
  76  9:34  Infested Bunker  
  76  9:44  Infested Bunker  
  76  9:49  Infested Starport  
  76  9:57  Overlord  
  76  10:01  Overlord x2  
  76  10:22  Overlord  
  76  10:23  Overlord  
  76  10:25  Infested Bunker  
  76  10:26  Infested Bunker  
  76  10:29  Infestation Level 3  
  84  11:09  Infested Bunker  
  92  11:10  Infested Bunker  
  92  11:25  Infested Bunker  
  96  11:43  Overlord  
  96  11:49  Stukov Infantry Weapons Level 3  
  96  11:53  Stukov Vehicle and Ship Weapons Level 1  
  96  12:12  Infested Marine x3  
  99  12:29  Infested Bunker  
  111  12:30  Infested Bunker  
  111  12:32  Infested Bunker  
  111  12:56  Infested Bunker  
  111  12:57  Overlord x2  
  111  12:59  Stukov Infantry Armor Level 1  
  115  13:21  Overlord x2  
  115  13:47  Infested Command Center  
  112  14:26  Infested Bunker x3  
  112  14:28  Infested Bunker  
  128  14:49  Infested SCV  
  129  14:50  Infested SCV x7  
  129  14:51  Infested SCV  
  137  15:24  Infested Bunker x2  
  145  15:42  Infested SCV x3  
  145  15:43  Infested SCV  
  145  15:49  Overseer  
  149  16:15  Infested SCV x4  
  149  16:16  Overlord x2, Infested SCV  
  149  16:17  Infested Bunker, Infested SCV x3  
  149  16:18  Infested Bunker  
  157  16:43  Stukov Infantry Armor Level 2  
  157  16:58  Infested Bunker  
  157  16:59  Infested Bunker  
  157  17:06  Infested Bunker  
  157  17:09  Infested Bunker  
  177  17:12  Infested Bunker  
  177  17:15  Infested Bunker  
  177  17:17  Infested Bunker  
  177  17:18  Overlord x2, Infested Bunker  
  177  17:59  Infested Bunker x2  
  193  18:00  Infested Bunker x2  
  193  18:01  Infested Bunker  
  193  18:03  Infested Bunker x3  
  193  18:06  Infested Bunker  
  193  18:08  Infested Bunker  
  193  18:12  Infested Bunker  
  193  18:14  Infested Bunker  
  193  18:21  Infested Bunker  
  193  18:24  Infested Bunker  
  193  18:28  Infested Bunker  
  193  18:32  Infested Bunker x2  
  193  18:34  Infested Bunker  
  193  18:35  Infested Bunker x2  
  193  18:46  Overlord  
  193  18:48  Infested Bunker  
  197  18:53  Stukov Vehicle and Ship Weapons Level 2  
  197  19:15  Infested Bunker  
  197  19:18  Infested Bunker  
  197  19:19  Infested Bunker  
  197  19:21  Infested Bunker  
  197  19:34  Infested SCV  
  197  19:35  Infested SCV x2  
  200  19:40  Infested Bunker  
  200  19:49  Infested Missile Turret  
  200  19:50  Infested Missile Turret  
  200  19:54  Infested Missile Turret  
  200  19:56  Infested Missile Turret x2  
  200  19:57  Infested Missile Turret  
  200  19:58  Infested Missile Turret  
  200  19:59  Infested Missile Turret  
  200  20:01  Infested Missile Turret  
  200  20:02  Infested Missile Turret x2  
  200  20:03  Infested Missile Turret  
  200  20:06  Infested Bunker  
  200  20:08  Infested Bunker  
  200  20:14  Infested Missile Turret  
  200  20:20  Infested Missile Turret  
  200  20:24  Infested Missile Turret x2  
  200  20:25  Infested Missile Turret x2  
  200  20:28  Infested Missile Turret  
  200  20:33  Infested Missile Turret  
  200  20:34  Infested Bunker  
  200  20:35  Infested Missile Turret  
  200  20:37  Infested Missile Turret  
  200  20:38  Infested Missile Turret  
  200  20:39  Infested Missile Turret  
  200  20:40  Infested Missile Turret  
  200  20:42  Infested Missile Turret  
  200  20:44  Infested Missile Turret  
  200  20:45  Infested Missile Turret, Infested Bunker  
  200  20:48  Infested Bunker x3  
  200  20:51  Infested Missile Turret  
  200  20:52  Infested Missile Turret  
  200  20:53  Infested Bunker  
  200  20:56  Infested Missile Turret  
  200  20:57  Infested Missile Turret  
  200  20:58  Infested Missile Turret  
  200  21:01  Infested Missile Turret  
  200  21:04  Infested Bunker  
  200  21:05  Infested Missile Turret  
  200  21:06  Infested Missile Turret  
  200  21:12  Infested Bunker  
  200  21:32  Infested Missile Turret  
  200  21:33  Infested Missile Turret  
  200  21:37  Infested Missile Turret  
  200  21:40  Infested Colonist Compound  
  200  21:41  Infested Missile Turret  
  200  21:44  Infested Missile Turret  
  200  21:47  Infested Missile Turret x2  
  200  21:48  Infested Missile Turret x3  
  200  21:52  Infested Missile Turret  
  200  22:00  Infested Missile Turret  
  200  22:06  Infested Missile Turret  
  200  22:15  Infested Missile Turret x2  
  200  22:17  Infested Missile Turret  
  200  22:20  Infested Missile Turret  
  200  22:31  Infested Missile Turret  
  200  22:33  Infested Missile Turret  
  199  22:40  Infested Missile Turret  
  199  22:43  Infested Missile Turret x2  
  199  22:47  Infested Missile Turret  
  199  22:49  Infested Missile Turret  
  199  22:50  Infested Missile Turret  
  199  22:57  Infested Missile Turret  
  199  23:02  Infested Missile Turret  
  199  23:03  Infested Missile Turret  
  199  23:09  Infested Missile Turret x2  
  199  23:11  Infested Missile Turret  
  199  23:15  Infested Missile Turret  
  199  23:17  Infested Missile Turret  
  199  23:23  Infested Missile Turret  
  199  23:24  Infested Missile Turret  
  199  23:45  Infested Missile Turret  
  199  23:46  Infested Missile Turret  
  199  23:47  Infested Missile Turret x2  
  199  23:48  Infested Missile Turret x3  
Show
View Real Time Build Order
Export as new Build Order

sTkmonk Terran 

Build Orders:  

Get SALT Encoding   

Tags
 
Commander
RaynorStukov
Matchup
Co-op
Replay Pack
Co-op Speedrun
Add a new tag
Caveats
  • Supply blocks, unpowered buildings, or Contaminate may cause inaccurate times.
  • Supply counts are checked every 10 seconds.